[ AOE2 MATCH · #493736406 ]
UnrankedSlavs vs Aztecs
Player's team · LOSS
Rival team · WIN
[ REPLAY ANALYSIS · EXTRACTED FROM THE RECORDED GAME ]
Feudal
10:30
Castle
19:30
Imperial
—
| APM avg | 99.2 |
| APM peak | 174 |
| eAPM avg | 62.0 |
| Villagers / military | 87 / 6 |
Focus
⚔️ 60.8% · 🌾 39.2%
Fishing Ship ×6 · Unknown (2626) ×4 · Mangonel ×3 · Scorpion ×2 · Trade Cart ×1 · Transport Ship ×1
Feudal
10:33
Castle
23:43
Imperial
—
| APM avg | 61.7 |
| APM peak | 81 |
| eAPM avg | 23.9 |
| Villagers / military | 63 / 41 |
Focus
⚔️ 36.9% · 🌾 63.1%
Archer ×18 · Eagle Scout ×16 · Fishing Ship ×10 · Unknown (2626) ×6 · Battering Ram ×3 · Monk ×1
Match map
Initial resources + every placement click. Lines = walls · curves = elevation contours. ◆ gold · ⬟ stone · ● berries · ✦ relic · ◌ wall gap
Your base· ✓ Map-separated
Gabi's base· ✓ Map-separated
Smoothed initial terrain · ◌ = detected wall gap · hover for details
Inputs per minute
— Fukoti - - Gabi
Build order — Fukoti
First 150 of 191 actions detected
| 0:00 | Queue | Villager (Male) |
| 0:00 | Queue | Villager (Male) |
| 0:01 | Build | House |
| 0:02 | Queue | Villager (Male) |
| 0:03 | Build | House |
| 0:04 | Queue | Villager (Male) |
| 0:04 | Queue | Villager (Male) |
| 1:20 | Queue | Villager (Male) |
| 1:42 | Queue | Villager (Male) |
| 1:45 | Build | Lumber Camp |
| 2:02 | Queue | Villager (Male) |
| 2:31 | Queue | Villager (Male) |
| 2:31 | Queue | Villager (Male) |
| 3:01 | Queue | Villager (Male) |
| 3:24 | Queue | Villager (Male) |
| 3:24 | Queue | Villager (Male) |
| 3:50 | Build | House |
| 3:53 | Queue | Villager (Male) |
| 3:53 | Queue | Villager (Male) |
| 4:34 | Queue | Villager (Male) |
| 4:35 | Queue | Villager (Male) |
| 4:49 | Queue | Villager (Male) |
| 5:04 | Build | Dock |
| 5:07 | Queue | Villager (Male) |
| 5:09 | Build | House |
| 5:39 | Queue | Villager (Male) |
| 5:50 | Queue | Fishing Ship |
| 5:56 | Queue | Villager (Male) |
| 6:12 | Queue | Fishing Ship |
| 6:31 | Queue | Villager (Male) |
| 6:45 | Build | House |
| 6:49 | Build | House |
| 6:49 | Build | Palisade Wall |
| 6:49 | Build | Palisade Wall |
| 6:50 | Build | Palisade Wall |
| 6:53 | Queue | Villager (Male) |
| 7:15 | Queue | Fishing Ship |
| 7:25 | Queue | Villager (Male) |
| 7:25 | Research | Loom |
| 7:57 | Queue | Fishing Ship |
| 8:02 | Build | House |
| 8:15 | Research | Feudal Age |
| 8:22 | Build | House |
| 8:44 | Queue | Fishing Ship |
| 8:52 | Build | House |
| 9:15 | Build | Mining Camp |
| 9:17 | Queue | Villager (Male) |
| 9:17 | Queue | Villager (Male) |
| 9:40 | Build | Lumber Camp |
| 10:16 | Build | Mill |
| 10:30 | Age | Feudal Age |
| 10:31 | Research | Double-Bit Axe |
| 10:31 | Research | Double-Bit Axe |
| 10:31 | Queue | Unit 2626 |
| 10:47 | Queue | Villager (Male) |
| 10:50 | Build | House |
| 10:51 | Build | Palisade Wall |
| 10:57 | Build | Farm |
| 11:04 | Queue | Villager (Male) |
| 11:08 | Queue | Unit 2626 |
| 11:21 | Queue | Villager (Male) |
| 11:25 | Build | Farm |
| 11:37 | Build | Palisade Wall |
| 11:41 | Queue | Villager (Male) |
| 11:55 | Build | Farm |
| 12:08 | Build | Farm |
| 12:13 | Queue | Villager (Male) |
| 12:14 | Build | Farm |
| 12:19 | Build | Farm |
| 12:35 | Queue | Villager (Male) |
| 12:38 | Build | Farm |
| 12:44 | Build | Market |
| 12:59 | Queue | Fishing Ship |
| 13:01 | Queue | Villager (Male) |
| 13:10 | Build | Stone Wall |
| 13:25 | Queue | Villager (Male) |
| 13:33 | Build | Market |
| 13:35 | Build | Blacksmith |
| 13:36 | Build | House |
| 13:39 | Build | Palisade Wall |
| 13:39 | Build | Palisade Wall |
| 13:48 | Queue | Unit 2626 |
| 13:51 | Queue | Villager (Male) |
| 13:59 | Build | Watch Tower |
| 14:10 | Queue | Villager (Male) |
| 14:25 | Build | Farm |
| 14:26 | Build | Farm |
| 15:33 | Queue | Unit 2626 |
| 15:35 | Queue | Villager (Male) |
| 15:37 | Build | Farm |
| 15:40 | Build | Farm |
| 15:47 | Build | House |
| 15:57 | Queue | Villager (Male) |
| 16:02 | Queue | Villager (Male) |
| 16:40 | Research | Castle Age |
| 17:05 | Build | Watch Tower |
| 17:10 | Build | Palisade Wall |
| 17:24 | Queue | Villager (Male) |
| 17:35 | Research | Fletching |
| 17:36 | Research | Fletching |
| 17:47 | Queue | Villager (Male) |
| 17:50 | Queue | Villager (Male) |
| 18:18 | Queue | Transport Ship |
| 18:25 | Queue | Villager (Male) |
| 18:47 | Build | House |
| 18:58 | Queue | Villager (Male) |
| 19:08 | Build | Mining Camp |
| 19:12 | Build | Mining Camp |
| 19:19 | Queue | Villager (Male) |
| 19:24 | Build | Palisade Wall |
| 19:30 | Age | Castle Age |
| 19:31 | Queue | Villager (Male) |
| 19:34 | Build | Mining Camp |
| 19:44 | Build | Siege Workshop |
| 19:49 | Build | Palisade Wall |
| 19:55 | Queue | Villager (Male) |
| 20:21 | Queue | Scorpion |
| 20:23 | Build | House |
| 20:24 | Build | House |
| 20:26 | Queue | Villager (Male) |
| 20:33 | Queue | Villager (Male) |
| 20:42 | Queue | Villager (Male) |
| 21:06 | Queue | Villager (Male) |
| 21:17 | Queue | Villager (Male) |
| 21:35 | Queue | Villager (Male) |
| 21:41 | Build | House |
| 21:56 | Build | Farm |
| 22:11 | Build | House |
| 22:12 | Queue | Villager (Male) |
| 22:50 | Queue | Villager (Male) |
| 22:58 | Build | Town Center |
| 23:05 | Queue | Scorpion |
| 23:08 | Queue | Villager (Male) |
| 23:23 | Queue | Trade Cart |
| 23:34 | Queue | Mangonel |
| 23:36 | Build | Farm |
| 23:45 | Queue | Villager (Male) |
| 24:00 | Build | Farm |
| 24:03 | Build | House |
| 24:04 | Queue | Villager (Male) |
| 24:10 | Build | Farm |
| 24:11 | Build | Farm |
| 24:19 | Build | Farm |
| 24:24 | Queue | Villager (Male) |
| 24:40 | Queue | Villager (Male) |
| 24:40 | Queue | Villager (Male) |
| 24:52 | Build | Town Center |
| 25:02 | Queue | Villager (Male) |
| 25:08 | Queue | Villager (Male) |
| 25:09 | Queue | Villager (Male) |
Build order — Gabi
First 150 of 200 actions detected
| 0:01 | Queue | Villager (Male) |
| 0:01 | Queue | Villager (Male) |
| 0:02 | Build | House |
| 0:04 | Build | House |
| 0:24 | Queue | Villager (Male) |
| 0:45 | Queue | Villager (Male) |
| 1:34 | Build | Lumber Camp |
| 1:35 | Queue | Villager (Male) |
| 2:02 | Queue | Villager (Male) |
| 2:23 | Queue | Villager (Male) |
| 2:46 | Queue | Villager (Male) |
| 3:00 | Build | House |
| 3:19 | Queue | Villager (Male) |
| 3:47 | Queue | Villager (Male) |
| 4:02 | Build | Dock |
| 4:07 | Queue | Villager (Male) |
| 4:18 | Build | Palisade Wall |
| 4:35 | Queue | Villager (Male) |
| 4:41 | Queue | Fishing Ship |
| 4:58 | Queue | Villager (Male) |
| 5:12 | Build | House |
| 5:24 | Queue | Villager (Male) |
| 5:30 | Queue | Fishing Ship |
| 5:44 | Queue | Villager (Male) |
| 6:06 | Queue | Fishing Ship |
| 6:10 | Queue | Villager (Male) |
| 6:32 | Build | House |
| 6:34 | Build | Palisade Wall |
| 6:35 | Queue | Villager (Male) |
| 6:55 | Queue | Fishing Ship |
| 6:58 | Queue | Villager (Male) |
| 7:24 | Queue | Villager (Male) |
| 7:58 | Research | Loom |
| 8:14 | Queue | Transport Ship |
| 8:18 | Research | Feudal Age |
| 8:33 | Build | Lumber Camp |
| 9:33 | Build | Mining Camp |
| 9:49 | Build | Dock |
| 10:26 | Build | Barracks |
| 10:33 | Age | Feudal Age |
| 10:37 | Queue | Villager (Male) |
| 10:38 | Research | Double-Bit Axe |
| 10:46 | Queue | Unit 2626 |
| 10:59 | Queue | Villager (Male) |
| 11:05 | Build | House |
| 11:09 | Queue | Eagle Scout |
| 11:18 | Build | Archery Range |
| 11:25 | Build | House |
| 11:29 | Research | Town Watch |
| 11:40 | Queue | Eagle Scout |
| 11:42 | Queue | Unit 2626 |
| 11:54 | Queue | Villager (Male) |
| 12:06 | Queue | Archer |
| 12:07 | Queue | Archer |
| 12:09 | Build | House |
| 12:14 | Queue | Villager (Male) |
| 12:25 | Queue | Fishing Ship |
| 12:38 | Queue | Villager (Male) |
| 12:52 | Build | Blacksmith |
| 12:54 | Queue | Archer |
| 13:02 | Queue | Villager (Male) |
| 13:20 | Queue | Archer |
| 13:20 | Queue | Archer |
| 13:28 | Queue | Villager (Male) |
| 13:31 | Build | Mill |
| 13:46 | Build | House |
| 13:51 | Queue | Unit 2626 |
| 14:00 | Queue | Villager (Male) |
| 14:04 | Build | House |
| 14:22 | Build | Watch Tower |
| 14:28 | Queue | Villager (Male) |
| 14:29 | Queue | Archer |
| 14:32 | Research | Padded Archer Armor |
| 14:34 | Research | Fletching |
| 14:35 | Queue | Villager (Male) |
| 14:45 | Queue | Villager (Male) |
| 14:50 | Queue | Villager (Male) |
| 14:50 | Queue | Villager (Male) |
| 14:53 | Queue | Archer |
| 15:02 | Queue | Villager (Male) |
| 15:08 | Queue | Fishing Ship |
| 15:08 | Queue | Fishing Ship |
| 15:12 | Build | Dock |
| 15:30 | Queue | Archer |
| 15:33 | Queue | Fishing Ship |
| 15:41 | Build | House |
| 15:47 | Queue | Villager (Male) |
| 15:52 | Queue | Spearman |
| 16:10 | Build | Watch Tower |
| 16:13 | Queue | Archer |
| 16:19 | Queue | Archer |
| 16:27 | Build | Market |
| 16:38 | Queue | Unit 2626 |
| 16:40 | Queue | Villager (Male) |
| 16:48 | Queue | Villager (Male) |
| 16:58 | Build | House |
| 17:00 | Queue | Fishing Ship |
| 17:18 | Queue | Villager (Male) |
| 17:24 | Build | House |
| 17:27 | Queue | Archer |
| 17:38 | Build | Watch Tower |
| 17:42 | Build | Watch Tower |
| 17:51 | Queue | Unit 2626 |
| 17:51 | Queue | Unit 2626 |
| 17:52 | Build | House |
| 17:55 | Queue | Archer |
| 17:57 | Queue | Villager (Male) |
| 18:09 | Queue | Villager (Male) |
| 18:13 | Research | Padded Archer Armor |
| 18:14 | Queue | Villager (Male) |
| 18:19 | Queue | Archer |
| 18:21 | Queue | Fishing Ship |
| 18:32 | Build | Farm |
| 18:33 | Build | Farm |
| 18:34 | Build | Farm |
| 18:43 | Queue | Archer |
| 18:48 | Queue | Villager (Male) |
| 18:57 | Build | Farm |
| 19:06 | Queue | Villager (Male) |
| 19:08 | Queue | Archer |
| 19:27 | Build | Farm |
| 19:30 | Queue | Villager (Male) |
| 20:04 | Queue | Archer |
| 20:31 | Build | House |
| 21:03 | Research | Castle Age |
| 21:07 | Build | Lumber Camp |
| 21:19 | Build | Archery Range |
| 22:05 | Queue | Archer |
| 22:06 | Queue | Archer |
| 22:18 | Build | House |
| 22:45 | Build | House |
| 23:07 | Queue | Eagle Scout |
| 23:07 | Queue | Eagle Scout |
| 23:09 | Research | Scale Mail Armor |
| 23:21 | Build | Barracks |
| 23:27 | Build | Outpost |
| 23:33 | Build | Outpost |
| 23:43 | Age | Castle Age |
| 23:48 | Research | Bodkin Arrow |
| 23:55 | Research | Wheelbarrow |
| 23:56 | Queue | Villager (Male) |
| 24:11 | Build | Monastery |
| 24:23 | Research | Bow Saw |
| 24:30 | Build | Dock |
| 24:43 | Research | Eagle Warrior (upgrade) |
| 24:47 | Queue | Villager (Male) |
| 24:51 | Build | Town Center |
| 25:12 | Build | Dock |
| 25:16 | Queue | Villager (Male) |
| 25:29 | Queue | Monk |
Match timeline
| 4:02 | Gabi · first_building Dock |
| 4:18 | Gabi · wall_segment Palisade Wall x1 |
| 5:04 | Fukoti · first_building Dock |
| 6:34 | Gabi · wall_segment Palisade Wall x1 |
| 6:49 | Fukoti · wall_segment Palisade Wall x1 |
| 6:49 | Fukoti · wall_segment Palisade Wall x1 |
| 6:50 | Fukoti · wall_segment Palisade Wall x1 |
| 10:26 | Gabi · first_building Barracks |
| 10:30 | Fukoti · age_up feudal |
| 10:33 | Gabi · age_up feudal |
| 10:51 | Fukoti · wall_segment Palisade Wall x4 |
| 11:18 | Gabi · first_building Archery Range |
| 11:37 | Fukoti · wall_segment Palisade Wall x1 |
| 13:10 | Fukoti · wall_segment Stone Wall x1 |
| 13:39 | Fukoti · wall_segment Palisade Wall x1 |
| 13:39 | Fukoti · wall_segment Palisade Wall x1 |
| 17:03 | Fukoti · first_market_buy 100 stone |
| 17:10 | Fukoti · wall_segment Palisade Wall x1 |
| 17:31 | Gabi · first_market_sell 100 food |
| 17:32 | Gabi · first_market_buy 100 stone |
| 17:34 | Fukoti · first_market_sell 100 wood |
| 19:24 | Fukoti · wall_segment Palisade Wall x1 |
| 19:30 | Fukoti · age_up castle |
| 19:44 | Fukoti · first_building Siege Workshop |
| 19:49 | Fukoti · wall_segment Palisade Wall x1 |
| 23:43 | Gabi · age_up castle |
| 24:11 | Gabi · first_building Monastery |
| 25:54 | Gabi · first_building Siege Workshop |
| 27:25 | Fukoti · first_building Castle |
| 27:34 | Fukoti · wall_segment Palisade Wall x1 |
| 29:46 | Fukoti · resign |
[ AI ANALYSIS · 1 CREDIT ]
What really happened in this match?
Wolo.gg analyzes every decision: build order, eco, micro, common mistakes by bracket. Personalized analysis on WhatsApp or Discord in 30 seconds.
Civ guide
Slavs
Perfil
Jugador #262959